 Dungeon Crawl Stone Soup version 0.32-a0-975-g85d4e5bfdb (webtiles) character file.

Game seed: 15304717844234203530

758 RBrandon the Chiller (level 7, 0/46 HPs)
             Began as a Mummy Ice Elementalist on Apr 19, 2024.
             Was an Initiate of Gozag.
             Slain by Blork the orc
             ... wielding a +0 trident
              (3 damage)
             ... on level 5 of the Dungeon.
             The game lasted 00:08:02 (4300 turns).

RBrandon the Chiller (Mummy Ice Elementalist)       Turns: 4300, Time: 00:08:02

Health: 0/46       AC: 11    Str: 11    XL:     7   Next: 50%
Magic:  4/13       EV: 11    Int: 16    God:    Gozag
Gold:   282        SH:  0    Dex: 13    Spells: 7/14 levels left

rFire   x . .        q - +9 staff of Olgreb {rPois∞}
rCold   + . .        (no shield)
rNeg    + + +        a - +0 robe
rPois   ∞            (no helmet)
rElec   .            m - +0 cloak
rCorr   .            h - +0 pair of gloves
SInv    .            (no boots)
Will    .....        (no amulet)
Stlth   ++           (no ring)
HPRegen 0.27/turn    (no ring)
MPRegen 0.13/turn

%: faith
@: ice-armoured, gold aura
A: cold resistance 1, negative energy resistance 3, torment resistance 2, heat
vulnerability 1, in touch with death 1, no potions, faith
a: Renounce Religion, Evoke the Staff of Olgreb, Potion Petition, Call Merchant,
Bribe Branch


You were on level 5 of the Dungeon.
You worshipped Gozag.
Gozag was aware of your devotion.
You visited 1 branch of the dungeon, and saw 5 of its levels.

You collected 314 gold pieces.
You paid 32 gold pieces to Gozag.

Inventory:

Hand Weapons
 p - the +1 trident "Lamatwyjom" {protect, rElec rCorr Str-5 Int+4 Dex+4}
   (You found it on level 5 of the Dungeon)

   Str-5:     It affects your strength (-5).
   Int+4:     It affects your intelligence (+4).
   Dex+4:     It affects your dexterity (+4).
   rElec:     It insulates you from electricity.
   rCorr:     It protects you from acid and corrosion.
 q - the +9 staff of Olgreb (weapon) {rPois∞}
   (You found it on level 5 of the Dungeon)

   Radiate:   It can be activated via the 'a'bility menu to radiate toxic
   energy, with effectiveness depending on Evocations skill.
   Alch:      It enhances your alchemy magic.
   rPois∞: It grants immunity to poison.
Missiles
 e - 2 javelins
Armour
 a - a +0 robe (worn)
 h - a +0 pair of gloves (worn)
 m - a +0 cloak (worn)
Magical Staves
 f - a staff of alchemy
Wands
 j - a wand of iceblast (9)
Scrolls
 b - 2 scrolls of revelation {unknown}
 d - 8 scrolls of identify {unknown}
 i - 2 scrolls of poison {unknown}
 k - a scroll of vulnerability {unknown}
 l - 3 scrolls of teleportation {unknown}
 n - a scroll of brand weapon {unknown}


   Skills:
 - Level 1.5 Dodging
 - Level 1.5 Stealth
 - Level 4.0 Spellcasting
 - Level 7.1 Ice Magic
 + Level 1.8 Evocations


You had 7 spell levels left.
You knew the following spells:

 Your Spells              Type           Power      Damage    Failure   Level
a - Freeze                Ice            100%       1d10      1%          1
b - Frozen Ramparts       Ice            52%        1d8       2%          3
c - Ozocubu's Armour      Ice            26%        N/A       2%          3

Your spell library contained the following spells:

 Spells                   Type           Power      Damage    Failure   Level
 Hailstorm                Conj/Ice       14%        3d6       12%         3
 Summon Ice Beast         Ice/Summ       14%        N/A       12%         3
 Alistair's Intoxication  Alch           2%         N/A       99%         5
 Borgnjor's Vile Clutch   Necr/Erth      2%         N/A       99%         5
 Eringya's Noxious Bog    Alch           2%         4d6       100%        6


Dungeon Overview and Level Annotations

Branches:
Dungeon (5/15)             Temple (0/1) D:4

Altars:
Gozag

Shops:
D:3 =

Annotations:
D:4 1 runed translucent door, Crazy Yiuf
D:5 Blork the orc


Innate Abilities, Weirdness & Mutations

You are immune to poison.
Your flesh is cold resistant. (rC+)
You are immune to negative energy. (rN+++)
You are immune to unholy pain and torment.
You are vulnerable to heat. (rF-)
You are in touch with the powers of death.
You do not drink.
You have a special connection with the divine. (Faith)


Message History

Your toxic aura wanes.
Blork the orc gestures at you while chanting.
The puff of flame hits you! The fire burns you terribly!
You hit Blork the orc.
Blork the orc is moderately wounded.
Blork the orc gestures at you while chanting.
The puff of frost hits you. You resist. The iguana bites you!
* * * LOW HITPOINT WARNING * * *
Blork the orc hits you with a +0 trident!
* * * LOW HITPOINT WARNING * * *
You can't drink.
Okay, then.
Aiming: Freeze (safe; 1% risk of failure)
Press: ? - help, Q - select action, (/) - cycle Shift-Dir - straight line, f - iguana
Aim: an iguana (almost dead, very poisoned)
You freeze the iguana.
You kill the iguana!
Blork the orc hits you with a +0 trident!
* * * LOW HITPOINT WARNING * * *
Casting: Freeze (safe; 1% risk of failure)
Confirm with . or Enter, or press ? or * to list all spells.
Okay, then.
Casting: Freeze (safe; 1% risk of failure)
Confirm with . or Enter, or press ? or * to list all spells.
A film of ice covers your body! Blork the orc barely misses you.
Aiming: Freeze (safe; 1% risk of failure)
Press: ? - help, Q - select action, (/) - cycle Shift-Dir - straight line, f - Blork the orc
Aim: Blork the orc, wielding a +0 trident and wearing a +0 robe (moderately wounded, poisoned)
You freeze Blork the orc!
Blork the orc is severely wounded.
Blork the orc barely misses you.
Aiming: Freeze (safe; 1% risk of failure)
Press: ? - help, Q - select action, (/) - cycle Shift-Dir - straight line, f/p - Blork the orc
Aim: Blork the orc, wielding a +0 trident and wearing a +0 robe (severely wounded, poisoned)
You freeze Blork the orc.
Blork the orc is severely wounded.
Blork the orc hits you with a +0 trident.
You die...
Blork the orc shouts, "I believe in me!"
Your body crumbles into a pile of gold.

####### ...... ....# #.
.# ....# #.#.#
###o...##. #.#.#
######.@$...... #.#.#
#.........#.... #.#..
#.####.........#<###.#.#
#.# #.#............$#.#
#.# #.##...##.#.####<..
#.# #.# .#.?........#.#
#.# #.# ###...###.#....
#.# #.# .# ##. #.#.#.#
#.# #.# #.###.###......


You could see Blork the orc (poisoned).

Vanquished Creatures
  A water moccasin (D:5)
  A black bear (D:5)
  An ogre (D:5)
  2 scorpions
  3 iguanas
  4 orc wizards
  4 gnolls (D:2)
  5 adders
  A white imp (D:5)
  2 dart slugs
  2 ribbon worms (D:2)
  6 orcs
  4 ball pythons
  6 endoplasms
  4 giant cockroaches
  10 goblins
  10 hobgoblins
  6 jackals (D:2)
  4 kobolds
  A quokka (D:1)
  3 bats
  4 frilled lizards
  6 rats
  A butterfly (D:4)
91 creatures vanquished.

Notes
Turn   | Place    | Note
-------+----------+-------------------------------------------
     0 | D:1      | RBrandon the Mummy Ice Elementalist began the quest for the
                  | Orb.
     0 | D:1      | Reached XP level 1. HP: 13/13 MP: 4/4
   278 | D:1      | Reached XP level 2. HP: 19/19 MP: 4/6
  1020 | D:2      | Reached XP level 3. HP: 21/24 MP: 4/8
  1033 | D:2      | Learned a level 3 spell: Frozen Ramparts
  1037 | D:2      | Learned a level 3 spell: Ozocubu's Armour
  1450 | D:2      | Reached skill level 4 in Ice Magic
  1555 | D:2      | Reached XP level 4. HP: 16/30 MP: 0/10
  2346 | D:3      | Reached XP level 5. HP: 35/35 MP: 7/11
  2485 | D:3      | Found Acwed's Jewellery Emporium.
  2864 | D:3      | Reached skill level 5 in Ice Magic
  3076 | D:4      | Found an opulent altar of Gozag.
  3099 | D:4      | Became a worshipper of Gozag Ym Sagoz the Greedy
  3390 | D:4      | Found a runed translucent door.
  3391 | D:4      | Noticed Crazy Yiuf
  3476 | D:4      | Found a staircase to the Ecumenical Temple.
  3639 | D:5      | Entered Level 5 of the Dungeon
  3639 | D:5      | Noticed a black bear
  3639 | D:5      | Found the +9 staff of Olgreb {rPois∞}
  3645 | D:5      | Killed a black bear
  3646 | D:5      | Reached skill level 6 in Ice Magic
  3646 | D:5      | Reached XP level 6. HP: 35/41 MP: 2/12
  3756 | D:5      | Noticed a water moccasin
  3765 | D:5      | Killed a water moccasin
  3824 | D:5      | Identified the +1 trident "Lamatwyjom" {protect, rElec
                  | rCorr Str-5 Int+4 Dex+4}
  3852 | D:5      | Reached XP level 7. HP: 24/46 MP: 4/13
  3853 | D:5      | Reached skill level 7 in Ice Magic
  4021 | D:5      | Reached skill level 1 in Evocations
  4293 | D:5      | Noticed Blork the orc
  4297 | D:5      | HP: 2/46 [Blork the orc/+0 trident (8)]
  4300 | D:5      | Slain by Blork the orc

Illustrated notes

Levels and vault maps discovered:
D:1:      sevenhm_arrival_forest_fort_large_4, layout_basic
D:2:      layout_basic, grunt_ministairs_12, fountainhead, minmay_pentomino_x4
D:3:      layout_loops_cross, serial_shops, nicolae_shop_gaudy_bauble,
          nrook_mini_vaults
D:4:      layout_basic, grunt_gozag_breadcrumbs,
          minmay_temple_entry_butterflies, uniq_crazy_yiuf_cottage
D:5:      layout_loops_ring, lemuel_round_altar, kennysheep_orc_sif_temple,
          serial_shops, nicolae_shop_hallway_stairs, st_stairs_8,
          nicolae_shop_i_like_small_books_too, kennysheep_small_circle,
          uniq_blork_the_orc

Skill      XL: |  1  2  3  4  5  6  7 |
---------------+----------------------+-----
Spellcasting   | 3 4 |  4.0
Ice Magic      | 4 6 7 |  7.1
Evocations     | 1 |  1.8
Dodging        | |  1.5
Stealth        | |  1.5

Action                     |  1- 3 |  4- 6 |  7- 9 || total
---------------------------+-------+-------+-------++-------
  Melee: Club              |    11 |     9 |       ||    20
         Unarmed           |     2 |       |       ||     2
         Punch             |     1 |       |       ||     1
         Dagger            |       |    12 |       ||    12
         Staff             |       |       |     9 ||     9
   Cast: Freeze            |    66 |    68 |    15 ||   149
         Frozen Ramparts   |       |     3 |     1 ||     4
         Ozocubu's Armour  |       |     1 |     2 ||     3
Ability: Evoke the Staff o |       |       |     1 ||     1
   Stab: Sleeping          |       |     1 |       ||     1
 Armour: Robe              |    35 |    37 |    20 ||    92
  Dodge: Dodged            |    34 |    45 |     8 ||    87

Table legend: (Time is in decaauts)
 A = Elapsed time spent in this place.
 B = Non-inter-level travel time spent in this place.
 C = Inter-level travel time spent in this place.
 D = Time resting spent in this place.
 E = Time spent auto-exploring this place.
 F = Levels seen in this place.
 G = Mean time per level.
                   A        B        C        D        E       F      G
               +--------+--------+--------+--------+--------+-----+--------+
         Total |   4308 |   4235 |     73 |    581 |   2926 |   5 |  861.6 |
       Dungeon |   4308 |   4235 |     73 |    581 |   2926 |   5 |  861.6 |
               +--------+--------+--------+--------+--------+-----+--------+

Top non-repeatable levels by time:
     D:2: 1433 daAuts
     D:1: 859 daAuts
     D:4: 833 daAuts
     D:3: 732 daAuts
     D:5: 450 daAuts

Levels and vault maps discovered:
D:1:      sevenhm_arrival_forest_fort_large_4, layout_basic
D:2:      layout_basic, grunt_ministairs_12, fountainhead, minmay_pentomino_x4
D:3:      layout_loops_cross, serial_shops, nicolae_shop_gaudy_bauble,
          nrook_mini_vaults
D:4:      layout_basic, grunt_gozag_breadcrumbs,
          minmay_temple_entry_butterflies, uniq_crazy_yiuf_cottage
D:5:      layout_loops_ring, lemuel_round_altar, kennysheep_orc_sif_temple,
          serial_shops, nicolae_shop_hallway_stairs, st_stairs_8,
          nicolae_shop_i_like_small_books_too, kennysheep_small_circle,
          uniq_blork_the_orc

Table legend: (Time is in decaauts)
 A = Elapsed time spent in this place.
 B = Non-inter-level travel time spent in this place.
 C = Inter-level travel time spent in this place.
 D = Time resting spent in this place.
 E = Time spent auto-exploring this place.
 F = Levels seen in this place.
 G = Mean time per level.
                   A        B        C        D        E       F      G
               +--------+--------+--------+--------+--------+-----+--------+
         Total |   4308 |   4235 |     73 |    581 |   2926 |   5 |  861.6 |
       Dungeon |   4308 |   4235 |     73 |    581 |   2926 |   5 |  861.6 |
               +--------+--------+--------+--------+--------+-----+--------+

Top non-repeatable levels by time:
     D:2: 1433 daAuts
     D:1: 859 daAuts
     D:4: 833 daAuts
     D:3: 732 daAuts
     D:5: 450 daAuts

Table legend:
 A = Kills in this place as a percentage of kills in the entire game.
 B = Kills by you in this place as a percentage of kills by you in the entire game.
 C = Kills by friends in this place as a percentage of kills by friends in the entire game.
 D = Other kills in this place as a percentage of other kills in the entire game.
 E = Experience gained in this place as a percentage of experience gained in the entire game.
 F = Experience gained in this place divided by the number of levels of this place that you have seen.
                   A       B       C       D       E      F
               +-------+-------+-------+-------+-------+----------------------
         Total | 100.0 | 100.0 |   N/A |   N/A | 100.0 | 216.6
       Dungeon | 100.0 | 100.0 |   N/A |   N/A | 100.0 | 216.6
               +-------+-------+-------+-------+-------+----------------------
